 Dungeon Crawl Stone Soup version 0.25-a0-576-g50b708a4c4 (webtiles) character file.

Game seed: 7090512166906015901, levelgen mode: classic

22901 EnegeticOcto the Champion of Chaos (level 12, -25/118 HPs)
             Began as a Deep Dwarf Fighter on Mar 1, 2020.
             Was the Champion of Makhleb.
             Annihilated by Urug
             ... wielding a +5 great mace
              (29 damage)
             ... on level 12 of the Dungeon.
             The game lasted 00:07:35 (8562 turns).

EnegeticOcto the Champion of Chaos (DDFi)           Turns: 8562, Time: 00:07:35

Health: -25/118    AC: 12    Str: 25      XL:     12   Next: 67%
Magic:  9/9        EV:  5    Int:  9      God:    Makhleb [******]
Gold:   293        SH: 12    Dex: 11 (12) Spells: 11/11 levels left

rFire    . . .     SeeInvis .   a - +1 war axe (vorpal)
rCold    + + .     Gourm    .   c - +0 kite shield
rNeg     . . .     Faith    .   r - +2 chain mail {rC+}
rPois    .         Spirit   .   x - +0 helmet
rElec    .         Reflect  +   (no cloak)
rCorr    +         Harm     .   E - +0 pair of gloves
MR       +....                  (no boots)
Stlth    ..........             u - +4 amulet of reflection
HPRegen  0.00/turn              C - ring of resist corrosion
MPRegen  0.11/turn              s - ring of protection from cold

@: non-regenerating, extremely drained
A: damage resistance, heal wounds, sense surroundings 2, no regeneration
a: Heal Wounds, Minor Destruction, Lesser Servant of Makhleb, Major Destruction,
Greater Servant of Makhleb, Renounce Religion


You were on level 12 of the Dungeon.
You worshipped Makhleb.
Makhleb was exalted by your worship.
You were not hungry.

You visited 2 branches of the dungeon, and saw 13 of its levels.
You also visited: Ossuary.

You collected 713 gold pieces.
You spent 420 gold pieces at shops.

Inventory:

Hand Weapons
 a - a +1 vorpal war axe (weapon)
Missiles
 o - 4 throwing nets (quivered)
Armour
 c - a +0 kite shield (worn)
 r - a +2 chain mail of cold resistance (worn)
 w - a +0 plate armour
 x - a +0 helmet (worn)
 E - a +0 pair of gloves (worn)
Jewellery
 s - a ring of protection from cold (right hand)
 u - a +4 amulet of reflection (around neck)
 z - an uncursed ring of poison resistance
 C - a ring of resist corrosion (left hand)
Wands
 b - a wand of polymorph (6)
 A - a wand of flame (16)
 F - a wand of digging (4) {@v2}
Scrolls
 g - 2 scrolls of identify {@r1}
 h - 2 scrolls of fog
 p - 9 scrolls of teleportation {@r2}
 q - 3 scrolls of blinking {@r3}
 v - 2 scrolls of fear
 y - 3 scrolls of remove curse {@r6}
Potions
 d - 5 potions of heal wounds {@q2}
 f - 3 potions of flight
 i - 6 potions of curing {@q1}
 j - 5 potions of cancellation
 k - 2 potions of might {@q3}
 l - a potion of magic
 m - 2 potions of resistance {@q6}
 n - 3 potions of haste {@q4}
 t - a potion of ambrosia
 B - 2 potions of invisibility
 D - 2 potions of lignification {@q7}
Comestibles
 e - 14 rations
 G - 2 chunks of flesh


   Skills:
 * Level 10.6(0.0) Fighting
 * Level 12.2(0.0) Axes
 + Level 9.2(0.0) Armour
 + Level 9.2(0.0) Shields
 * Level 12.3(0.0) Invocations


You had 11 spell levels left.
You didn't know any spells.
Your spell library was empty.

Dungeon Overview and Level Annotations

Branches:
Dungeon (12/15)            Temple (1/1) D:4            Lair (0/6) D:10
    Orc (0/2) D:10        Ossuary (visited)

Altars:
Ashenzari
Cheibriados
Dithmenos
Elyvilon
Fedhas
Gozag
Hepliaklqana
Kikubaaqudgha
Makhleb
Nemelex Xobeh
Okawaru
Qazlal
Ru
Sif Muna
Trog
Uskayaw
Wu Jian
Xom
Yredelemnul
Zin
The Shining One

Shops:
D:8 *   D:11 =*

Annotations:
D:3 exclusion: oklob plant
D:8 1 runed translucent door, Ratty's ghost, novice DENe
D:12 Urug


Innate Abilities, Weirdness & Mutations

You are resistant to damage.
You can heal yourself by infusing magical energy.
You passively map the area around you.
You do not regenerate.


Message History

Urug hits you with a +5 great mace!
You slash Urug!
Urug is moderately wounded.
Urug hits you but does no damage.
You hit Urug.
Urug is moderately wounded.
Urug hits you with a +5 great mace!! You block Urug's attack.
You closely miss Urug.
Urug is moderately wounded.
You block Urug's attack.
You miss Urug.
Urug is moderately wounded.
You block Urug's attack.
You closely miss Urug.
Urug is moderately wounded.
Urug hits you with a +5 great mace! You block Urug's attack.
Some of the chunks of flesh in your inventory have rotted away.
You are too injured to fight recklessly!
You are too injured to fight recklessly!
You are too injured to fight recklessly!
You are too injured to fight recklessly!
You are too injured to fight recklessly!
You are too injured to fight recklessly!
You are too injured to fight recklessly!
You are too injured to fight recklessly!
You are too injured to fight recklessly!
You are too injured to fight recklessly!
You are too injured to fight recklessly!
You are too injured to fight recklessly!
You are too injured to fight recklessly!
You are too injured to fight recklessly!
You feel much better.
Your chain mail prevents you from hitting Urug.
Urug is lightly wounded.
Urug hits you with a +5 great mace!! Urug hits you with a +5 great mace.
Your shield and chain mail prevent you from hitting Urug.
Urug is lightly wounded.
You block Urug's attack.
Your magical essence is drained by the effort!
You feel much better. Urug barely misses you.
You feel much better.
You barely miss Urug.
Urug is lightly wounded.
You block Urug's attack. Urug hits you with a +5 great mace!
You hit Urug.
Urug is moderately wounded.
You block Urug's attack.
Your shield and chain mail prevent you from hitting Urug.
Urug is moderately wounded.
You block Urug's attack.
You closely miss Urug.
Urug is moderately wounded.
Urug completely misses you.
Your shield and chain mail prevent you from hitting Urug.
Urug is moderately wounded.
Urug hits you but does no damage.
You closely miss Urug.
Urug is moderately wounded.
You block Urug's attack. Urug hits you with a +5 great mace!
You hit Urug.
Urug is moderately wounded.
Urug hits you with a +5 great mace!!
You hit Urug.
Urug is heavily wounded.
Urug hits you with a +5 great mace.
You closely miss Urug.
Urug is heavily wounded.
You block Urug's attack.
You slash Urug!
Urug is severely wounded.
Urug completely misses you. Urug hits you with a +5 great mace.
You closely miss Urug.
Urug is heavily wounded.
Urug hits you with a +5 great mace.
You closely miss Urug.
Urug is heavily wounded.
You block Urug's attack.
Your shield prevents you from hitting Urug.
Urug is heavily wounded.
Urug hits you with a +5 great mace.
You closely miss Urug.
Urug is heavily wounded.
Urug hits you with a +5 great mace!!
* * * LOW HITPOINT WARNING * * *
You block Urug's attack. Urug hits you with a +5 great mace!
* * * LOW HITPOINT WARNING * * *
You block Urug's attack. You block Urug's attack. You block Urug's attack.
You block Urug's attack. Urug hits you with a +5 great mace!!
* * * LOW HITPOINT WARNING * * *
Urug barely misses you. You block Urug's attack. You block Urug's attack.
You block Urug's attack. Urug barely misses you.
Urug hits you with a +5 great mace!!
You die...

###*****
* * #.. ,
#O# * * *
#o# * #@#
*, #.# ,
#.#######
* ,*
#........
, ,,,
#.#######
* #(# #.#
#.# #.#


You could see Urug and a two-headed ogre.

Vanquished Creatures
  Erolcha (D:10)
  Harold (D:7)
  6 two-headed ogres
  Nergalle (D:12)
  2 wizards (D:12)
  An unseen horror (D:12)
  Pikel (D:4)
  An ugly thing (D:12)
  A deep elf mage (D:12)
  2 cyclopes (D:11)
  A komodo dragon (D:10)
  2 trolls
  A hippogriff (D:9)
  Sigmund (D:3)
  A fire elemental (D:12)
  A wraith (D:11)
  2 wyverns (D:10)
  19 yaks
  A basilisk (D:12)
  2 hungry ghosts
  Menkaure (D:7)
  3 water moccasins
  4 ice beasts
  9 orc warriors
  3 necrophages
  5 sky beasts
  10 ogres
  2 centaurs
  An elf zombie (Ossuary)
  4 big kobolds
  A gnoll sergeant (D:10)
  8 bullfrogs
  3 scorpions
  A troll zombie (Ossuary)
  A water moccasin skeleton (D:4)
  25 killer bees
  10 wights
  A howler monkey (D:12)
  6 crimson imps
  A bullfrog zombie (D:10)
  5 centaur zombies
  A human zombie (Ossuary)
  2 quasits
  4 jellies
  7 orc priests
  2 centaur skeletons
  11 orc wizards
  6 hounds
  5 iguanas
  A bullfrog skeleton (D:8)
  10 worker ants
  A big kobold zombie (Ossuary)
  A hound skeleton (D:6)
  7 mummies (Ossuary)
  14 gnolls
  3 howler monkey skeletons
  19 adders
  4 shadow imps
  3 oozes
  2 adder skeletons
  5 adder zombies (Ossuary)
  4 worms (D:3)
  A dart slug (D:2)
  A leopard gecko (D:5)
  46 orcs
  A ball python (D:3)
  7 bats
  3 giant cockroaches
  2 gnoll zombies (Ossuary)
  3 goblins
  2 hobgoblins (D:3)
  16 jackals
  9 kobolds
  5 quokkas
  3 frilled lizards
  5 goblin zombies (Ossuary)
  3 hobgoblin zombies (Ossuary)
  3 kobold zombies (Ossuary)
  6 rats
  A rat zombie (Ossuary)
381 creatures vanquished.

Vanquished Creatures (others)
  3 slaves (D:4)
  A centaur (D:6)
  2 plants (D:10)
6 creatures vanquished.

Grand Total: 387 creatures vanquished

Notes
Turn   | Place    | Note
-------+----------+-------------------------------------------
     0 | D:1      | EnegeticOcto the Deep Dwarf Fighter began the quest for the
                  | Orb.
     0 | D:1      | Reached XP level 1. HP: 20/20 MP: 1/1
    91 | D:1      | Reached XP level 2. HP: 21/27 MP: 2/2
   306 | D:2      | Reached XP level 3. HP: 25/34 MP: 3/3
   462 | D:3      | Reached XP level 4. HP: 28/42 MP: 4/4
   601 | D:3      | Noticed Sigmund
   639 | D:3      | Reached XP level 5. HP: 8/50 MP: 5/5
   661 | D:3      | Killed Sigmund
   661 | D:3      | Reached XP level 6. HP: 17/57 MP: 5/5
  1012 | D:3      | Found a blossoming altar of Fedhas.
  1025 | D:3      | Noticed an oklob plant
  1158 | D:4      | Reached skill level 5 in Axes
  1248 | D:4      | Reached XP level 7. HP: 56/66 MP: 5/5
  1337 | D:4      | Noticed Pikel
  1359 | D:4      | Killed Pikel
  1359 | D:4      | Reached skill level 5 in Fighting
  1359 | D:4      | Reached skill level 5 in Armour
  1359 | D:4      | Reached skill level 5 in Shields
  1359 | D:4      | Reached XP level 8. HP: 44/75 MP: 6/6
  1868 | D:4      | Found a staircase to the Ecumenical Temple.
  1874 | Temple   | Entered the Ecumenical Temple
  2020 | Temple   | Became a worshipper of Makhleb the Destroyer
  2141 | D:5      | Entered Level 5 of the Dungeon
  2273 | D:5      | Found a basalt altar of Yredelemnul.
  2508 | D:5      | Reached skill level 1 in Invocations
  2971 | D:6      | Found a basalt altar of Yredelemnul.
  2987 | D:6      | Gained mutation: You passively map the area around you.
                  | [Deep Dwarf growth]
  2987 | D:6      | Reached XP level 9. HP: 63/85 MP: 9/9
  2993 | D:6      | Reached * piety under Makhleb
  3207 | D:7      | Reached skill level 5 in Invocations
  3238 | D:7      | Found an iron altar of Okawaru.
  3285 | D:7      | Found a sand-covered staircase.
  3328 | Ossuary  | Entered an ossuary
  3564 | Ossuary  | Reached ** piety under Makhleb
  3732 | D:7      | Noticed Harold
  3747 | D:7      | Killed Harold
  3778 | D:7      | Reached XP level 10. HP: 72/94 MP: 13/13
  4020 | D:7      | Reached *** piety under Makhleb
  4061 | D:7      | Noticed Menkaure
  4067 | D:7      | Killed Menkaure
  4563 | D:8      | Found Fymagh's Assorted Antiques.
  4580 | D:8      | Bought a tubular golden ring for 110 gold pieces
  4685 | D:8      | Found a hide-covered altar of Uskayaw.
  4846 | D:8      | Noticed a two-headed ogre
  4848 | D:8      | Found a runed translucent door.
  4861 | D:8      | Killed a two-headed ogre
  4872 | D:8      | Noticed Ratty's ghost (novice DENe)
  4872 | D:8      | Noticed a centaur warrior
  5341 | D:9      | Noticed a two-headed ogre
  5362 | D:9      | Killed a two-headed ogre
  5525 | D:9      | Reached skill level 10 in Axes
  5561 | D:9      | Reached **** piety under Makhleb
  5675 | D:9      | Reached XP level 11. HP: 42/104 MP: 13/13
  6047 | D:10     | Entered Level 10 of the Dungeon
  6048 | D:10     | Noticed a two-headed ogre
  6073 | D:10     | Killed a two-headed ogre
  6162 | D:10     | Noticed a two-headed ogre
  6172 | D:10     | Killed a two-headed ogre
  6226 | D:10     | Reached ***** piety under Makhleb
  6270 | D:10     | Reached skill level 10 in Invocations
  6356 | D:10     | Found a staircase to the Orcish Mines.
  6497 | D:10     | Noticed Erolcha
  6505 | D:10     | Killed Erolcha
  7068 | D:10     | Found a staircase to the Lair.
  7301 | D:11     | Found Ekhlol's Jewellery Boutique.
  7329 | D:11     | Noticed a two-headed ogre
  7336 | D:11     | Killed a two-headed ogre
  7336 | D:11     | Reached XP level 12. HP: 92/116 MP: 15/15
  7350 | D:11     | Found Penat's Assorted Antiques.
  7355 | D:11     | Bought a scroll labeled SAOPUXTIYH for 30 gold pieces
  7541 | D:11     | Noticed a two-headed ogre
  7543 | D:11     | Reached skill level 10 in Fighting
  7555 | D:11     | Killed a two-headed ogre
  7987 | D:11     | Bought an uncursed ring of poison resistance for 280 gold
                  | pieces
  8094 | D:12     | Reached ****** piety under Makhleb
  8402 | D:12     | Noticed Nergalle
  8502 | D:12     | Killed Nergalle
  8517 | D:12     | Noticed Urug
  8521 | D:12     | Noticed a two-headed ogre
  8554 | D:12     | HP: 4/118 [Urug/+5 great mace (16)]
  8562 | D:12     | Annihilated by Urug

Levels and vault maps discovered:
D:1:      minmay_arrival_widening_spiral_wide, layout_basic
D:2:      layout_basic
D:3:      layout_loops_ring, minmay_misc_feat_enclosed, tgw_fedhas, uniq_sigmund
D:4:      layout_loops_ring, minmay_temple_entry_enclosed_plants, uniq_pikel
D:5:      layout_basic, first_ration, basic_altar
D:6:      layout_cave_pools, yredelemnul_altar_generic, grunt_decor_mini_mirrors
D:7:      layout_loops_ring, nicolae_ossuary_entry_false_entrances,
          okawaru_metal_pillars_1_2, uniq_menkaure, uniq_harold
D:8:      layout_loops_corners, serial_shops, shop, ebering_ghost_inner_flame,
          basic_altar, minmay_fractal_squares_5
D:9:      layout_small_grid
D:10:     layout_layer_cave, david_lair_shrubbed,
          kennysheep_orc_monster_closet_entryway, uniq_erolcha
D:11:     layout_basic, serial_shops, shop, kennysheep_little_box
D:12:     cheibrodos_lost_city_excavation, layout_long_grid, uniq_nergalle,
          uniq_urug
Temple:   roderic_octagonal_lattice_temple

Skill      XL: |  1  2  3  4  5  6  7  8  9 10 11 12 |
---------------+-------------------------------------+-----
Fighting       | 3 4 5 6 7 8 9 10 | 10.6
Axes           | 3 4 5 6 7 8 10 11 12 | 12.2
Armour         | 4 5 6 7 8 9 |  9.2
Shields        | 4 5 6 7 8 9 |  9.2
Invocations    | 3 6 9 11 12 | 12.3

Action                   |  1- 3 |  4- 6 |  7- 9 | 10-12 || total
-------------------------+-------+-------+-------+-------++-------
Melee: War axe           |    89 |   134 |   396 |   896 ||  1515
 Abil: Heal Wounds       |       |    14 |     6 |    41 ||    61
  Use: Scroll            |       |       |    20 |     6 ||    26
  Eat: Chunk             |       |     2 |     8 |    12 ||    22
       Ration            |       |       |       |     3 ||     3
Armor: Scale mail        |    51 |    82 |    36 |       ||   169
       Plate armour      |       |       |   102 |       ||   102
       Chain mail        |       |       |     4 |   592 ||   596
Dodge: Dodged            |    35 |    49 |    75 |   270 ||   429
Block: Kite shield       |    57 |    95 |   283 |   930 ||  1365
       Reflection        |       |       |    13 |    11 ||    24

Table legend:
 A = Non-vault XP
 B = Vault XP
 C = Vault XP percentage of total XP
 D = Non-vault monster count
 E = Vault monster count
 F = Vault count percentage of total count
                 A         B        C        D         E       F
            +---------+---------+-------+---------+---------+-------
      Total |   24055 |    8662 |  26.5 |     314 |      68 |  17.8
            +---------+---------+-------+---------+---------+-------
        D:1 |      15 |       0 |   0.0 |       6 |       0 |   0.0
        D:2 |      31 |       0 |   0.0 |      11 |       0 |   0.0
        D:3 |     291 |     220 |  43.1 |      35 |       1 |   2.8
        D:4 |     517 |     617 |  54.4 |      23 |       1 |   4.2
        D:5 |     245 |       0 |   0.0 |       7 |       0 |   0.0
        D:6 |    1213 |       0 |   0.0 |      28 |       0 |   0.0
        D:7 |    1707 |    1115 |  39.5 |      39 |       2 |   4.9
        D:8 |    1505 |      96 |   6.0 |      19 |       3 |  13.6
        D:9 |    4402 |       0 |   0.0 |      53 |       0 |   0.0
       D:10 |    3795 |    3065 |  44.7 |      31 |      22 |  41.5
       D:11 |    7010 |       0 |   0.0 |      43 |       0 |   0.0
       D:12 |    3324 |    2962 |  47.1 |      19 |       5 |  20.8
    Ossuary |       0 |     587 | 100.0 |       0 |      34 | 100.0
            +---------+---------+-------+---------+---------+-------
